 Dungeon Crawl Stone Soup version 0.29.0-4-gdea44cf6ec (webtiles) character file.

Game seed: 12878756546710144777

11754 qw the Cleaver (level 11, -10/72 (86) HPs)
             Began as a Demonspawn Cinder Acolyte on Sept 9, 2022.
             Was a Believer of Ignis.
             Killed from afar by Nergalle (20 damage)
             ... with a bolt of negative energy
             ... on level 2 of the Lair of Beasts.
             The game lasted 00:03:24 (12573 turns).

qw the Cleaver (Demonspawn Cinder Acolyte)         Turns: 12573, Time: 00:03:24

HP:   -10/72 (86)   AC: 25    Str: 19    XL:     11   Next: 53%
MP:   10/12         EV:  9    Int: 19    God:    Ignis [**....]
Gold: 337           SH: 10    Dex: 10    Spells: 12/12 levels left

rFire   + + .      SeeInvis .   p - +1 broad axe
rCold   x . .      Faith    .   b - +0 kite shield
rNeg    . . .      Spirit   .   s - +2 plate armour
rPois   .          Reflect  .   (helmet restricted)
rElec   .          Harm     .   (no cloak)
rCorr   .          Rampage  .   t - +2 pair of gloves
Will    .....                   u - +0 pair of boots
Stlth   ..........              (no amulet)
HPRegen 0.22/turn               k - +4 ring of evasion
MPRegen 0.13/turn               j - ring of Soixya Qoug {Fire Int+3 Dex+2 Slay+3}

@: about to teleport, fiery-armoured, heavily drained
A: hooves 1, horns 2, foul stench 2, spiny 1, weakness stinger 2
a: Renounce Religion, Fiery Armour, Foxfire Swarm, Rising Flame


You were on level 2 of the Lair of Beasts.
You worshipped Ignis.
Ignis was pleased with you.
You visited 2 branches of the dungeon, and saw 12 of its levels.

You collected 427 gold pieces.
You spent 90 gold pieces at shops.


Innate Abilities, Weirdness & Mutations

You have large cloven feet.
You have a pair of horns on your head.
You sometimes emit foul miasma when damaged in melee.
You are partially covered in sharp spines.
You have a tail ending in a sharp stinger.


   Skills:
 - Level 8.1 Fighting
 - Level 11.8 Axes
 - Level 3.0 Throwing
 + Level 5.0 Armour
 - Level 2.5 Dodging
 - Level 8.1 Shields
 - Level 1.0 Spellcasting
 - Level 2.6 Fire Magic


You had 12 spell levels left.
You didn't know any spells.
Your spell library contained the following spells:

 Spells                   Type           Power      Damage    Failure   Level
 Scorch                   Fire           32%        2d6       100%        2

Inventory:

Hand Weapons
 g - a +1 hand axe of flaming
 p - a +1 broad axe (weapon)
Missiles
 i - 2 boomerangs (quivered)
 m - a javelin
Armour
 b - a +0 kite shield (worn)
 s - a +2 plate armour (worn)
 t - a +2 pair of gloves (worn)
 u - a +0 pair of boots (worn)
Jewellery
 a - a ring of fire
 c - a ring of ice
 j - the ring of Soixya Qoug (right hand) {Fire Int+3 Dex+2 Slay+3}
   (You acquired it on level 5 of the Dungeon)

   [ring of fire]

   It enhances your fire magic.
   Int:       It affects your intelligence (+3).
   Dex:       It affects your dexterity (+2).
   Slay:      It affects your accuracy & damage with ranged weapons and melee
   (+3).
   rF:        It protects you from fire.
   rC:        It makes you vulnerable to cold.
 k - a +4 ring of evasion (left hand)
 o - a +6 ring of dexterity
Scrolls
 e - a scroll of teleportation
 l - 4 scrolls of identify
Potions
 d - 2 potions of curing
 f - 4 potions of might
 h - a potion of resistance
 n - 4 potions of haste

Dungeon Overview and Level Annotations

Branches:
Dungeon (10/15)            Temple (0/1) D:7            Lair (2/5) D:10
    Orc (0/2) D:9
  Swamp: Lair:2-3    Shoals: Lair:2-3     Snake: Lair:2-3    Spider: Lair:2-3

Altars:
Ashenzari
Cheibriados
Fedhas
Hepliaklqana
Okawaru
Vehumet
Wu Jian
Yredelemnul

Shops:
D:4 ?

Annotations:
Lair:2 Nergalle


Message History

You slash the spectral orc warrior!
You destroy the spectral orc warrior!
The spectral orc warrior disappears in a puff of smoke!
You slash the spectral orc!
You destroy the spectral orc!
The spectral orc disappears in a puff of smoke!
Nergalle gestures at you while chanting.
Orcish apparitions take form around you.
The spectral orc warrior barely misses you.
You block the spectral orc knight's attack.
The spectral orc warlord hits you with a +4 antimagic long sword.
You feel drained.
You hit the spectral orc warlord but do no damage.
You headbutt the spectral orc warlord, but do no damage.
You hit the spectral orc knight.
The spectral orc warrior hits you from afar with a +0 glaive.
Nergalle casts a spell at you.
Orcish apparitions take form around you.
The spectral orc warlord is struck by your spines.
The spectral orc warlord hits you with a +4 antimagic long sword!
You feel your power leaking away.
You emit a cloud of foul miasma!
The spectral orc knight closely misses you.
12572 ||| READING 2 scrolls of teleportation.
As you read the scroll of teleportation, it crumbles to dust.
You feel strangely unstable.
Nergalle casts a spell at the spectral orc warrior.
The spectral orc warrior seems to speed up.
The spectral orc warrior closely misses you.
You block the spectral orc warlord's attack.
The spectral orc knight hits you but does no damage.
You slash the spectral orc warlord! You tail-slap the spectral orc warlord.
The spectral orc warlord is moderately damaged.
You hit the spectral orc knight.
The spectral orc warrior hits you from afar with a +0 glaive!
Nergalle gestures at you while chanting.
The bolt of negative energy hits the spectral orc warlord.
The spectral orc warlord completely resists.
The bolt of negative energy hits you!!
You feel drained.
You die... ~ ~P ## ### # PP~###.###.P##.# P~~...... .....
P~~P....# oZ.

##.Z##Z#
#..ZZ@#
#..Z###
.......#
.........
...###..#
... #...
.. #..#
#...


You could see Nergalle, 4 spectral orc warriors, a spectral orc knight
(summoned) and a spectral orc warlord (summoned).

Vanquished Creatures
  4 two-headed ogres
  Joseph (D:7)
  A black mamba (Lair:1)
  Maggie (D:8)
  3 cane toads (Lair:1)
  2 trolls
  A hornet (D:10)
  A polar bear (Lair:1)
  4 blink frogs (Lair:1)
  Sigmund (D:4)
  3 yaks (Lair:1)
  Grum (D:8)
  2 wyverns (D:8)
  Eustachio (D:4)
  Edmund (D:6)
  2 steam dragons
  An acid dragon (D:8)
  2 hell hounds (Lair:1)
  2 ice beasts (D:6)
  5 water moccasins
  An orc warrior (D:9)
  2 sky beasts
  2 black bears
  2 ogres
  4 wolves (D:8)
  4 centaurs
  2 phantoms
  A kobold brigand (D:8)
  2 necrophages
  4 bullfrogs
  A gnoll sergeant (D:7)
  2 scorpions
  7 wights (D:5)
  5 killer bees (D:10)
  2 howler monkeys (D:7)
  2 hounds (D:5)
  A human zombie (D:5)
  A gnoll bouda (D:7)
  4 orc priests
  2 jellies
  4 iguanas
  4 orc wizards
  A scorpion zombie (D:5)
  A killer bee zombie (D:5)
  A hound zombie (D:5)
  A mummy (D:9)
  7 adders
  12 gnolls
  A shadow imp (D:5)
  2 ufetubi
  3 worms
  2 dart slugs
  26 orcs
  8 ball pythons
  4 bats
  5 endoplasms
  2 giant cockroaches (D:3)
  8 hobgoblins
  5 quokkas
  4 frilled lizards
  9 goblins
  10 kobolds
  2 rats (D:2)
212 creatures vanquished.

Vanquished Creatures (others)
  A fungus (Lair:1)
  A plant (Lair:1)
2 creatures vanquished.

Grand Total: 214 creatures vanquished

Notes
Turn   | Place    | Note
-------+----------+-------------------------------------------
     0 | D:1      | qw the Demonspawn Cinder Acolyte began the quest for the
                  | Orb.
     0 | D:1      | Reached XP level 1. HP: 18/18 MP: 2/2
     0 | D:1      | 0 ||| qw: Version: 0.1-a-113-g051387a
     0 | D:1      | 0 ||| qw: Game counter: 7181
     0 | D:1      | 0 ||| qw: Always use a shield: true
     0 | D:1      | 0 ||| qw: God list: Okawaru
     0 | D:1      | 0 ||| qw: Allow faded altars: false
     0 | D:1      | 0 ||| qw: Do Orc after D:15 true
     0 | D:1      | 0 ||| qw: Do second Lair branch before Depths: true
     0 | D:1      | 0 ||| qw: Lair rune preference: random
     0 | D:1      | 0 ||| qw: Plans: Normal
     0 | D:1      | 0 ||| PLANNING D:1-11
   177 | D:1      | Reached skill level 3 in Axes
   245 | D:1      | Discovered your monstrous ancestry.
   245 | D:1      | Gained mutation: You have a small tail. [demonic ancestry]
   245 | D:1      | Reached XP level 2. HP: 14/24 MP: 3/3
   873 | D:1      | Found a faded altar of an unknown god.
  1407 | D:1      | 1407 ||| UPGRADING to +0 leather armour.
  1417 | D:1      | 1417 ||| DROPPING +0 robe.
  1418 | D:1      | 1418 ||| READING 2 scrolls labelled XIESAA KORHEU.
  1419 | D:1      | 1419 ||| READING scroll of enchant weapon.
  1419 | D:1      | 1419 ||| ENCHANTING +0 hand axe of flaming.
  1420 | D:1      | 1420 ||| READING scroll labelled SEOTAXT VOOWNO.
  1421 | D:1      | 1421 ||| READING scroll labelled QUGIARITUXOS.
  1550 | D:1      | 1550 ||| DRINKING 2 amethyst potions.
  1571 | D:2      | 1571 ||| STAIRDANCE
  1772 | D:2      | 1772 ||| FLEEEEING.
  1773 | D:2      | 1773 ||| FLEEEEING.
  1774 | D:2      | 1774 ||| FLEEEEING.
  1775 | D:2      | 1775 ||| FLEEEEING.
  1776 | D:2      | 1776 ||| FLEEEEING.
  1783 | D:2      | 1783 ||| STAIRDANCE
  1897 | D:2      | Reached skill level 1 in Throwing
  2003 | D:2      | 2003 ||| INVOKING Fiery Armour.
  2009 | D:2      | Gained mutation: You have a pair of small horns on your
                  | head. [demonic ancestry]
  2009 | D:2      | Reached XP level 3. HP: 21/29 MP: 4/4
  2011 | D:2      | Reached skill level 4 in Axes
  2176 | D:2      | Reached XP level 4. HP: 35/35 MP: 5/5
  2186 | D:2      | Reached skill level 1 in Dodging
  2545 | D:2      | 2545 ||| UPGRADING to +0 ring mail.
  2555 | D:2      | 2555 ||| DROPPING +0 leather armour.
  2556 | D:2      | 2556 ||| DROPPING ring of flight.
  2557 | D:2      | 2557 ||| READING scroll labelled BEOCAL MUUDO.
  2558 | D:2      | 2558 ||| DRINKING 2 fuming puce potions.
  2559 | D:2      | 2559 ||| READING 2 scrolls of identify.
  2559 | D:2      | 2559 ||| IDENTIFYING metallic purple potion
  2560 | D:2      | 2560 ||| DROPPING potion of brilliance.
  2561 | D:2      | 2561 ||| DROPPING potion of lignification.
  2611 | D:3      | 2611 ||| Stepping ~*~*~tactically~*~*~ (stealth).
  3074 | D:3      | 3074 ||| Stepping ~*~*~tactically~*~*~ (stealth).
  3075 | D:3      | 3075 ||| Stepping ~*~*~tactically~*~*~ (stealth).
  3139 | D:3      | 3139 ||| Stepping ~*~*~tactically~*~*~ (hiding).
  3141 | D:3      | 3141 ||| Stepping ~*~*~tactically~*~*~ (hiding).
  3354 | D:3      | 3354 ||| UPGRADING to +0 scale mail.
  3364 | D:3      | 3364 ||| DROPPING +0 ring mail.
  3365 | D:3      | 3365 ||| UPGRADING to +2 buckler.
  3370 | D:3      | 3370 ||| DROPPING +2 buckler.
  3371 | D:3      | 3371 ||| UPGRADING to +0 plate armour.
  3381 | D:3      | 3381 ||| DROPPING +0 scale mail.
  3382 | D:3      | 3382 ||| READING 2 scrolls labelled ZICUURR WAIGE.
  3387 | D:3      | 3387 ||| READING scroll labelled HUDDOAHUANN.
  3388 | D:3      | 3388 ||| READING scroll labelled DIB MUOZEYSIENT.
  3389 | D:3      | 3389 ||| DRINKING 3 ruby potions.
  3390 | D:3      | 3390 ||| READING 2 scrolls of identify.
  3390 | D:3      | 3390 ||| IDENTIFYING fizzy sapphire potion
  3429 | D:4      | 3429 ||| Stepping ~*~*~tactically~*~*~ (stealth).
  3476 | D:4      | 3476 ||| Stepping ~*~*~tactically~*~*~ (stealth).
  3478 | D:4      | Noticed Eustachio
  3497 | D:4      | 3497 ||| FLEEEEING.
  3498 | D:4      | 3498 ||| FLEEEEING.
  3499 | D:4      | 3499 ||| FLEEEEING.
  3512 | D:4      | 3512 ||| FLEEEEING.
  3514 | D:4      | 3514 ||| FLEEEEING.
  3519 | D:4      | 3519 ||| INVOKING Fiery Armour.
  3526 | D:4      | Killed Eustachio
  3527 | D:4      | Reached skill level 3 in Armour
  3527 | D:4      | Gained mutation: You have a tail ending in a sharp stinger.
                  | [demonic ancestry]
  3527 | D:4      | Reached XP level 5. HP: 28/41 MP: 6/6
  3642 | D:4      | Found a broken altar of Ashenzari.
  3659 | D:4      | Reached skill level 1 in Shields
  3659 | D:4      | Gained mutation: You may rarely emit foul miasma when
                  | damaged in melee. [demonic ancestry]
  3659 | D:4      | Reached XP level 6. HP: 47/47 MP: 7/7
  3740 | D:4      | Found Tinais's Magic Scroll Shoppe.
  3759 | D:4      | 3759 ||| BUYING scroll of enchant armour (90 gold).
  3759 | D:4      | Bought a scroll of enchant armour for 90 gold pieces
  3759 | D:4      | 3759 ||| SHOPLISTING scroll of enchant weapon (90 gold,
                  | have 3).
  3759 | D:4      | 3759 ||| SHOPLISTING scroll of identify (24 gold, have 3).
  3759 | D:4      | 3759 ||| SHOPLISTING scroll of teleportation (36 gold, have
                  | 3).
  3759 | D:4      | 3759 ||| READING scroll of enchant armour.
  3759 | D:4      | 3759 ||| ENCHANTING +0 plate armour.
  3776 | D:4      | 3776 ||| Stepping ~*~*~tactically~*~*~ (stealth).
  3783 | D:4      | Reached skill level 5 in Axes
  3797 | D:4      | 3797 ||| Stepping ~*~*~tactically~*~*~ (stealth).
  3801 | D:4      | 3801 ||| Stepping ~*~*~tactically~*~*~ (stealth).
  3804 | D:4      | 3804 ||| Stepping ~*~*~tactically~*~*~ (stealth).
  3810 | D:4      | 3810 ||| FLEEEEING.
  3812 | D:4      | 3812 ||| FLEEEEING.
  3813 | D:4      | 3813 ||| FLEEEEING.
  3828 | D:4      | 3828 ||| Stepping ~*~*~tactically~*~*~ (stealth).
  3829 | D:4      | 3829 ||| Stepping ~*~*~tactically~*~*~ (stealth).
  3891 | D:4      | 3891 ||| Stepping ~*~*~tactically~*~*~ (stealth).
  3893 | D:4      | 3893 ||| Stepping ~*~*~tactically~*~*~ (stealth).
  3948 | D:4      | Identified the +7 trident of Fortitude {vorpal, rElec rN+
                  | MP-9 Int+2}
  4120 | D:4      | Noticed Sigmund
  4122 | D:4      | 4122 ||| Stepping ~*~*~tactically~*~*~ (hiding).
  4140 | D:4      | Killed Sigmund
  4141 | D:4      | Reached skill level 6 in Axes
  4141 | D:4      | Gained mutation: You have large cloven feet. [demonic
                  | ancestry]
  4141 | D:4      | Reached XP level 7. HP: 43/52 MP: 8/8
  4303 | D:4      | 4303 ||| UPGRADING to +6 ring of dexterity.
  4304 | D:4      | 4304 ||| DRINKING 3 inky potions.
  4305 | D:4      | 4305 ||| DRINKING 3 viscous brown potions.
  4410 | D:4      | 4410 ||| READING 3 scrolls of identify.
  4410 | D:4      | 4410 ||| IDENTIFYING pink potion
  4411 | D:4      | 4411 ||| READING 2 scrolls of identify.
  4411 | D:4      | 4411 ||| IDENTIFYING orange potion
  4412 | D:4      | 4412 ||| DROPPING potion of attraction.
  4413 | D:4      | 4413 ||| DROPPING 2 potions of flight.
  4414 | D:4      | 4414 ||| DROPPING 2 potions of berserk rage.
  4446 | D:5      | Entered Level 5 of the Dungeon
  4449 | D:5      | 4449 ||| STAIRDANCE
  4721 | D:5      | 4721 ||| Stepping ~*~*~tactically~*~*~ (stealth).
  4722 | D:5      | 4722 ||| Stepping ~*~*~tactically~*~*~ (stealth).
  4725 | D:5      | 4725 ||| Stepping ~*~*~tactically~*~*~ (stealth).
  4879 | D:5      | Gained mutation: You are partially covered in sharp spines.
                  | [demonic ancestry]
  4879 | D:5      | Reached XP level 8. HP: 36/60 MP: 9/9
  5145 | D:5      | 5145 ||| Stepping ~*~*~tactically~*~*~ (hiding).
  5149 | D:5      | Reached skill level 7 in Axes
  5262 | D:5      | Found an ornate altar of the Wu Jian Council.
  5384 | D:5      | 5384 ||| SWAPPING to +0 war axe.
  5611 | D:5      | Reached skill level 8 in Axes
  5787 | D:5      | Found a basalt altar of Yredelemnul.
  5874 | D:5      | 5874 ||| UPGRADING to +0 pair of gloves.
  5879 | D:5      | 5879 ||| READING scroll labelled JEV TINIRUOLO.
  5880 | D:5      | 5880 ||| READING 2 scrolls labelled YDOGEO ZYMULI.
  5881 | D:5      | 5881 ||| READING scroll labelled DOBEZO JUNONIX.
  5882 | D:5      | 5882 ||| READING scroll labelled LIXIPA GAMI.
  5882 | D:5      | Identified a scroll of acquirement
  5882 | D:5      | 5882 ||| ACQUIRING ring of Soixya Qoug {Fire Int+3 Dex+2
                  | Slay+3}
  5882 | D:5      | Acquired the ring of Soixya Qoug {Fire Int+3 Dex+2 Slay+3}
  5884 | D:5      | 5884 ||| UPGRADING to ring of Soixya Qoug {Fire Int+3 Dex+2
                  | Slay+3}.
  5885 | D:5      | 5885 ||| READING 2 scrolls labelled UKKAXO NOE.
  5886 | D:5      | 5886 ||| READING scroll labelled LIJIFIFIOLU.
  5887 | D:5      | 5887 ||| DROPPING scroll of noise.
  5888 | D:5      | 5888 ||| DROPPING scroll of fear.
  5889 | D:5      | 5889 ||| READING 2 scrolls of teleportation.
  6028 | D:6      | Noticed Edmund
  6033 | D:6      | 6033 ||| Stepping ~*~*~tactically~*~*~ (stealth).
  6035 | D:6      | 6035 ||| Stepping ~*~*~tactically~*~*~ (stealth).
  6041 | D:6      | Killed Edmund
  6069 | D:6      | 6069 ||| Stepping ~*~*~tactically~*~*~ (stealth).
  6081 | D:6      | 6081 ||| FLEEEEING.
  6090 | D:6      | 6090 ||| Stepping ~*~*~tactically~*~*~ (stealth).
  6328 | D:6      | Reached skill level 9 in Axes
  6328 | D:6      | Gained mutation: You have a pair of horns on your head.
                  | [demonic ancestry]
  6328 | D:6      | Reached XP level 9. HP: 68/68 MP: 10/10
  6735 | D:6      | 6735 ||| READING scroll labelled NERUZI YLLY.
  6736 | D:6      | 6736 ||| DRINKING 2 fuming coppery potions.
  6737 | D:6      | 6737 ||| READING 2 scrolls of identify.
  6737 | D:6      | 6737 ||| IDENTIFYING metallic green potion
  6738 | D:6      | 6738 ||| DROPPING potion of magic.
  6739 | D:6      | 6739 ||| DROPPING potion of degeneration.
  6755 | D:7      | Noticed Joseph
  6762 | D:7      | 6762 ||| INVOKING Fiery Armour.
  6765 | D:7      | HP: 16/68 [Joseph/+0 quarterstaff (3)]
  6766 | D:7      | 6766 ||| READING 2 scrolls of teleportation.
  6768 | D:7      | Killed Joseph
  6769 | D:7      | 6769 ||| READING scroll of teleportation.
  6770 | D:7      | HP: 12/68 [poisoned by a water moccasin]
  6774 | D:7      | 6774 ||| Stepping ~*~*~tactically~*~*~ (hiding).
  6778 | D:7      | Reached skill level 3 in Shields
  6778 | D:7      | 6778 ||| FLEEEEING.
  6779 | D:7      | 6779 ||| FLEEEEING.
  6780 | D:7      | 6780 ||| FLEEEEING.
  6781 | D:7      | 6781 ||| FLEEEEING.
  6782 | D:7      | 6782 ||| FLEEEEING.
  6783 | D:7      | 6783 ||| FLEEEEING.
  6784 | D:7      | 6784 ||| FLEEEEING.
  6785 | D:7      | 6785 ||| FLEEEEING.
  6786 | D:7      | 6786 ||| FLEEEEING.
  6787 | D:7      | 6787 ||| FLEEEEING.
  6788 | D:7      | 6788 ||| FLEEEEING.
  6789 | D:7      | 6789 ||| FLEEEEING.
  6790 | D:7      | 6790 ||| STAIRDANCE
  7101 | D:7      | 7101 ||| READING scroll of enchant weapon.
  7101 | D:7      | 7101 ||| ENCHANTING +0 war axe.
  7117 | D:7      | Reached skill level 6 in Fighting
  7332 | D:7      | Found a staircase to the Ecumenical Temple.
  7389 | D:7      | Found a radiant altar of Vehumet.
  7423 | D:7      | 7423 ||| Stepping ~*~*~tactically~*~*~ (stealth).
  7424 | D:7      | 7424 ||| Stepping ~*~*~tactically~*~*~ (stealth).
  7425 | D:7      | 7425 ||| Stepping ~*~*~tactically~*~*~ (hiding).
  7426 | D:7      | 7426 ||| Stepping ~*~*~tactically~*~*~ (hiding).
  7427 | D:7      | 7427 ||| Stepping ~*~*~tactically~*~*~ (hiding).
  7428 | D:7      | 7428 ||| Stepping ~*~*~tactically~*~*~ (hiding).
  7429 | D:7      | 7429 ||| Stepping ~*~*~tactically~*~*~ (hiding).
  7556 | D:7      | Identified the +8 quarterstaff of the Eleven Prophets
                  | {drain, rC+ rN+ MP+9 Str-2}
  7822 | D:7      | 7822 ||| UPGRADING to +0 kite shield.
  7832 | D:7      | 7832 ||| DROPPING +2 buckler.
  7833 | D:7      | 7833 ||| UPGRADING to +4 ring of evasion.
  7835 | D:7      | 7835 ||| READING scroll labelled CEFAKL CYERGHINIS.
  7855 | D:8      | Found a hazy altar of Hepliaklqana.
  7862 | D:8      | Noticed a two-headed ogre
  7869 | D:8      | 7869 ||| INVOKING Fiery Armour.
  7870 | D:8      | HP: 13/69 [two-headed ogre/+0 giant club (22)]
  7870 | D:8      | Killed a two-headed ogre
  7871 | D:8      | Gained mutation: You sometimes emit foul miasma when
                  | damaged in melee. [demonic ancestry]
  7871 | D:8      | Reached XP level 10. HP: 14/76 MP: 11/11
  8208 | D:8      | 8208 ||| Stepping ~*~*~tactically~*~*~ (hiding).
  8209 | D:8      | 8209 ||| Stepping ~*~*~tactically~*~*~ (hiding).
  8223 | D:8      | 8223 ||| FLEEEEING.
  8224 | D:8      | 8224 ||| FLEEEEING.
  8225 | D:8      | 8225 ||| FLEEEEING.
  8226 | D:8      | 8226 ||| FLEEEEING.
  8227 | D:8      | 8227 ||| FLEEEEING.
  8228 | D:8      | 8228 ||| FLEEEEING.
  8229 | D:8      | 8229 ||| FLEEEEING.
  8232 | D:8      | 8232 ||| FLEEEEING.
  8233 | D:8      | 8233 ||| FLEEEEING.
  8234 | D:8      | 8234 ||| STAIRDANCE
  8286 | D:7      | 8286 ||| READING scroll labelled VINTATZ BELE.
  8334 | D:8      | 8334 ||| Stepping ~*~*~tactically~*~*~ (stealth).
  8371 | D:8      | 8371 ||| Stepping ~*~*~tactically~*~*~ (hiding).
  8379 | D:8      | 8379 ||| INVOKING Fiery Armour.
  8382 | D:8      | 8382 ||| Stepping ~*~*~tactically~*~*~ (hiding).
  8453 | D:8      | Noticed Grum
  8461 | D:8      | Reached skill level 6 in Shields
  8469 | D:8      | Killed Grum
  8717 | D:8      | Noticed Maggie
  8727 | D:8      | Killed Maggie
  8753 | D:8      | 8753 ||| Stepping ~*~*~tactically~*~*~ (stealth).
  9109 | D:8      | Noticed a two-headed ogre
  9116 | D:8      | 9116 ||| INVOKING Fiery Armour.
  9117 | D:8      | Killed a two-headed ogre
  9118 | D:8      | Reached skill level 10 in Axes
  9530 | D:9      | Found an iron altar of Okawaru.
  9575 | D:9      | Found a staircase to the Orcish Mines.
  9589 | D:9      | 9589 ||| Stepping ~*~*~tactically~*~*~ (hiding).
 10027 | D:9      | Noticed a two-headed ogre
 10033 | D:9      | Killed a two-headed ogre
 10269 | D:9      | Found a blossoming altar of Fedhas.
 10336 | D:9      | Found a snail-covered altar of Cheibriados.
 10352 | D:9      | 10352 ||| Stepping ~*~*~tactically~*~*~ (hiding).
 10354 | D:9      | 10354 ||| Stepping ~*~*~tactically~*~*~ (hiding).
 10479 | D:9      | Reached skill level 3 in Throwing
 10590 | D:10     | Entered Level 10 of the Dungeon
 10685 | D:10     | 10685 ||| READING scroll of enchant armour.
 10685 | D:10     | 10685 ||| ENCHANTING +0 pair of gloves.
 10897 | D:10     | Reached XP level 11. HP: 84/84 MP: 12/12
 11011 | D:10     | 11011 ||| READING scroll of enchant armour.
 11011 | D:10     | 11011 ||| ENCHANTING +1 pair of gloves.
 11058 | D:10     | Found a staircase to the Lair.
 11112 | D:10     | 11112 ||| READING scroll of enchant armour.
 11112 | D:10     | 11112 ||| ENCHANTING +1 plate armour.
 11212 | D:10     | Noticed a two-headed ogre
 11216 | D:10     | 11216 ||| INVOKING Fiery Armour.
 11219 | D:10     | Killed a two-headed ogre
 11220 | D:10     | Reached skill level 11 in Axes
 11519 | D:9      | 11519 ||| PLANNING LAIR
 11519 | D:9      | 11519 ||| SWAPPING to +0 broad axe.
 11520 | D:9      | 11520 ||| DROPPING +1 war axe.
 11549 | Lair:1   | Entered Level 1 of the Lair of Beasts
 11882 | Lair:1   | 11882 ||| Stepping ~*~*~tactically~*~*~ (stealth).
 11884 | Lair:1   | 11884 ||| INVOKING Fiery Armour.
 12198 | Lair:1   | 12198 ||| READING scroll of enchant weapon.
 12198 | Lair:1   | 12198 ||| ENCHANTING +0 broad axe.
 12515 | Lair:1   | 12515 ||| UPGRADING to +0 pair of boots.
 12520 | Lair:1   | 12520 ||| DROPPING amulet of magic regeneration.
 12521 | Lair:1   | 12521 ||| READING 6 scrolls of identify.
 12521 | Lair:1   | 12521 ||| IDENTIFYING fuming dark potion
 12522 | Lair:1   | 12522 ||| READING 5 scrolls of identify.
 12522 | Lair:1   | 12522 ||| IDENTIFYING golden potion
 12523 | Lair:1   | 12523 ||| DROPPING potion of invisibility.
 12524 | Lair:1   | 12524 ||| DROPPING potion of ambrosia.
 12559 | Lair:2   | Noticed Nergalle
 12563 | Lair:2   | Noticed a spectral orc warlord
 12563 | Lair:2   | 12563 ||| INVOKING Fiery Armour.
 12571 | Lair:2   | HP: 17/76 [spectral orc warlord/+4 antimagic long
                  | sword[Nergalle] (13)]
 12572 | Lair:2   | 12572 ||| READING 2 scrolls of teleportation.
 12573 | Lair:2   | Killed from afar by Nergalle

Levels and vault maps discovered:
D:1:      nzn_arrival_depleted_hourglass, layout_loops_corners,
          shapermc_ecumenical_altar_mp_highgroup,
          chequers_serial_rivers_micro_e, nicolae_wormholes
D:2:      layout_basic
D:3:      layout_loops_cross
D:4:      layout_rooms, mainiacjoe_overflow_surrounded_room, serial_shops, shop,
          hangedman_decor_clover_reticule, minmay_diced_spiral, uniq_eustachio,
          uniq_sigmund
D:5:      layout_basic, mainiacjoe_overflow_catwalk,
          lemuel_mausoleum_altar_yredelemnul, minmay_increasing_density
D:6:      layout_loops_ring, minivault_5, uniq_edmund
D:7:      layout_basic, vehumet_altar_wand_db, minmay_temple_entry_grid,
          nicolae_kite_square_tiling_tiny, uniq_joseph
D:8:      layout_gridville, mainiacjoe_overflow_small_starburst, enter_bailey_3,
          uniq_grum, uniq_maggie
D:9:      layout_cave_pods, slow_altar_1, nicolae_overflow_hidden_temple,
          mainiacjoe_overflow_concentric_impassable, orc_0_dummy
D:10:     layout_roguey, lair_entry_dummy
Lair:1:   layout_chaotic_city, enter_volcano_3, serial_bayou_pond_c,
          infiniplex_staircase_pool_2
Lair:2:   lemuel_ratsnest, layout_long_grid, spider_nest_entry_webs,
          serial_bayou_shore_a, uniq_nergalle, uniq_gastronok

Skill      XL: |  1  2  3  4  5  6  7  8  9 10 11 |
---------------+----------------------------------+-----
Axes           | 3 4 6 9 10 11 | 11.8
Throwing       | 1 2 3 |  3.0
Dodging        | 1 2 |  2.5
Armour         | 3 5 |  5.0
Shields        | 1 2 4 7 8 |  8.1
Fighting       | 4 5 6 7 8 |  8.1
Spellcasting   | |  1.0
Fire Magic     | |  2.6

Action                   |  1- 3 |  4- 6 |  7- 9 | 10-12 || total
-------------------------+-------+-------+-------+-------++-------
Melee: Hand axe          |    51 |   111 |    46 |       ||   208
       Tailslap          |     2 |    10 |    27 |    30 ||    69
       Headbutt          |     1 |    15 |    40 |    35 ||    91
       Kick              |       |       |    58 |    40 ||    98
       War axe           |       |       |   128 |   108 ||   236
       Broad axe         |       |       |       |    64 ||    64
Throw: Javelin           |     8 |    47 |    42 |    25 ||   122
       Boomerang         |       |       |     9 |    25 ||    34
Invok: Fiery Armour      |     1 |     1 |     2 |     5 ||     9
  Use: Scroll            |     4 |     7 |    15 |     8 ||    34
       Potion            |     1 |     2 |     3 |       ||     6
Armor: Robe              |     5 |       |       |       ||     5
       Leather armour    |     5 |     1 |       |       ||     6
       Plate armour      |       |    74 |    83 |    75 ||   232
       Ring mail         |       |    15 |       |       ||    15
Dodge: Dodged            |    30 |    26 |    33 |    67 ||   156
Block: Buckler           |       |    14 |    43 |       ||    57
       Kite shield       |       |       |     1 |    89 ||    90

Table legend:
 A = Non-vault XP
 B = Vault XP
 C = Vault XP percentage of total XP
 D = Non-vault monster count
 E = Vault monster count
 F = Vault count percentage of total count
                 A         B        C        D         E       F
            +---------+---------+-------+---------+---------+-------
      Total |   13232 |    3560 |  21.2 |     174 |      38 |  17.9
            +---------+---------+-------+---------+---------+-------
        D:1 |      18 |       5 |  21.7 |      11 |       1 |   8.3
        D:2 |      79 |       5 |   6.0 |      18 |       1 |   5.3
        D:3 |      55 |       0 |   0.0 |      22 |       0 |   0.0
        D:4 |     302 |     415 |  57.9 |      15 |       3 |  16.7
        D:5 |     369 |    1060 |  74.2 |       9 |      17 |  65.4
        D:6 |     700 |     173 |  19.8 |      10 |       1 |   9.1
        D:7 |    1225 |     488 |  28.5 |      26 |       2 |   7.1
        D:8 |    2768 |    1108 |  28.6 |      24 |      10 |  29.4
        D:9 |    1700 |      18 |   1.0 |      10 |       1 |   9.1
       D:10 |    1990 |       0 |   0.0 |      13 |       0 |   0.0
     Lair:1 |    4026 |     288 |   6.7 |      16 |       2 |  11.1
            +---------+---------+-------+---------+---------+-------
